 Dungeon Crawl Stone Soup version 0.28.0-43-g3370ac3207 (webtiles) character file.

Game seed: 10705438204307824218

2237 sanboga the Cleaver (level 9, -3/54 HPs)
             Began as a Gargoyle Fighter on Mar 1, 2022.
             Was an Initiate of Trog.
             Slain by a wyvern (5 damage)
             ... on level 7 of the Dungeon.
             The game lasted 00:10:18 (7251 turns).

sanboga the Cleaver (Gargoyle Fighter)              Turns: 7251, Time: 00:10:18

Health: -3/54      AC: 29    Str: 25    XL:     9   Next: 36%
Magic:  9/9        EV:  4    Int: 14    God:    Trog [......]
Gold:   444        SH:  6    Dex:  9    Spells: 8/8 levels left

rFire   + . .      SeeInvis .   a - +0 war axe
rCold   + . .      Faith    .   c - +0 buckler
rNeg    + . .      Spirit   .   t - +0 gold dragon scales
rPois   ∞          Reflect  .   l - +0 helmet
rElec   +          Harm     .   s - +0 cloak
rCorr   .          Rampage  .   (no gloves)
Will    .....                   n - +0 pair of boots
Stlth   ..........              (no amulet)
HPRegen 0.18/turn               o - +6 ring of intelligence
MPRegen 0.11/turn               b - +4 ring of protection

@: attractive
A: sickness immunity, AC +6, negative energy resistance 1, electricity
resistance, torment resistance 1, petrification resistance
a: Renounce Religion


You were on level 7 of the Dungeon.
You worshipped Trog.
Trog was noncommittal.
You visited 2 branches of the dungeon, and saw 8 of its levels.

You collected 444 gold pieces.

Inventory:

Hand Weapons
 a - a +0 war axe (weapon)
Armour
 c - a +0 buckler (worn)
 l - a +0 helmet (worn)
 n - a +0 pair of boots (worn)
 s - a +0 cloak (worn)
 t - +0 gold dragon scales (worn)
Jewellery
 b - a +4 ring of protection (right hand)
 o - a +6 ring of intelligence (left hand)
Wands
 v - a wand of polymorph (11)
Scrolls
 e - 2 scrolls of blinking
 h - 5 scrolls of teleportation
 i - a scroll of magic mapping
 m - a scroll of enchant weapon
 w - a scroll of identify
Potions
 d - 2 potions of might
 f - 3 potions of lignification {unknown}
 g - a potion of magic {unknown}
 j - 2 potions of curing {unknown}
 k - 2 potions of cancellation {unknown}
 p - a potion of haste {unknown}
 q - 3 potions of heal wounds {unknown}
 r - 2 potions of attraction
 u - a potion of flight {unknown}


   Skills:
 + Level 5.4 Fighting
 * Level 10.8 Axes
 + Level 5.4 Armour
 + Level 9.7 Shields


You had 8 spell levels left.
You didn't know any spells.
Your spell library contained the following spells:

 Spells                   Type           Power      Damage    Failure   Level
 Animate Skeleton         Necr           0%         N/A       100%        1
 Beastly Appendage        Tmut           0%         N/A       100%        1
 Pain                     Necr           0%         1d4       100%        1
 Wereblood                Tmut           0%         N/A       100%        2
 Portal Projectile        Hex/Tloc       0%         N/A       100%        3
 Spider Form              Tmut/Pois      0%         N/A       100%        3
 Vampiric Draining        Necr           0%         2d6       100%        3
 Blade Hands              Tmut           0%         N/A       100%        5
 Excruciating Wounds      Necr           0%         N/A       100%        5


Dungeon Overview and Level Annotations

Branches:
Dungeon (7/15)             Temple (1/1) D:7

Altars:
Ashenzari
Dithmenos
Fedhas
Gozag
Hepliaklqana
Kikubaaqudgha
Makhleb
Nemelex Xobeh
Ru
Sif Muna
Trog
Vehumet
Wu Jian
Yredelemnul
Zin
The Shining One

Shops:
D:3 [


Innate Abilities, Weirdness & Mutations

You are immune to sickness and miasma.
Your stone body is resilient. (AC +6)
You are immune to poison.
You resist negative energy. (rN+)
You are resistant to electric shocks. (rElec)
You are resistant to unholy torment.
You are immune to petrification.


Message History

The wyvern is moderately wounded.
The wyvern bites you.
You barely miss the wyvern.
The wyvern is moderately wounded.
You block the wyvern's attack. The wyvern bites you!
You are too injured to fight recklessly!
You are too injured to fight recklessly!
You are too injured to fight recklessly!
You are too injured to fight recklessly!
You are too injured to fight recklessly!
You are too injured to fight recklessly!
You are too injured to fight recklessly!
You hit the wyvern.
The wyvern is heavily wounded.
The wyvern barely misses you.
You hit the wyvern.
The wyvern is heavily wounded.
The wyvern bites you. You block the wyvern's attack.
You barely miss the wyvern.
The wyvern is heavily wounded.
The wyvern bites you but does no damage.
You hit the wyvern.
The wyvern is severely wounded.
The wyvern bites you but does no damage. x2
You barely miss the wyvern.
The wyvern is severely wounded.
The wyvern bites you but does no damage.
You hit the wyvern but do no damage.
The wyvern is severely wounded.
The wyvern bites you.
* * * LOW HITPOINT WARNING * * *
The wyvern bites you!
* * * LOW HITPOINT WARNING * * *
You completely miss the wyvern.
The wyvern is severely wounded.
The wyvern bites you but does no damage.
It was a potion of attraction.
You feel attractive to monsters. The wyvern bites you.
You die...

## #.# #.[.# #... . ..#
#...# #.## ##.####
#...#####.## ###..####
#.........##
#.....).#####....####.##
#.##[.....^.....[....#
#.....................
#..#.....<............
## ##@###.#.....###..#
#l# #.#.........<# ..#
#.#...#.###... ##.#
#.#...#.# #.## #.#
#.#...#.# #.##


P.P #.......# #... ♣.P ###...### #### .≈≈♣♣#.....####### ♣..♣....#..<#.. You
could see a wyvern.

Vanquished Creatures
  Grinder (D:3)
  2 steam dragons
  Menkaure (D:5)
  A water moccasin (D:6)
  2 orc warriors
  An ogre (D:5)
  A centaur (D:6)
  3 scorpions
  5 hounds
  A centaur zombie (D:7)
  2 jellies (D:6)
  An orc priest (D:7)
  4 iguanas
  Terence (D:2)
  2 orc wizards
  A hound skeleton (D:4)
  Robin (D:1)
  6 gnolls (D:3)
  6 adders
  2 worms
  2 dart slugs
  18 orcs
  2 ball pythons (D:3)
  6 endoplasms
  A giant cockroach (D:1)
  9 goblins
  15 hobgoblins
  4 jackals (D:2)
  6 kobolds
  2 quokkas
  3 bats
  11 frilled lizards
  A quokka skeleton (D:4)
  6 rats
130 creatures vanquished.

Vanquished Creatures (others)
  7 plants
7 creatures vanquished.

Grand Total: 137 creatures vanquished

Notes
Turn   | Place    | Note
-------+----------+-------------------------------------------
     0 | D:1      | sanboga the Gargoyle Fighter began the quest for the Orb.
     0 | D:1      | Reached XP level 1. HP: 14/14 MP: 1/1
   221 | D:1      | Reached skill level 2 in Axes
   227 | D:1      | Reached XP level 2. HP: 18/19 MP: 2/2
   699 | D:1      | Reached XP level 3. HP: 23/23 MP: 3/3
  1080 | D:2      | Noticed Robin
  1142 | D:1      | Killed Robin
  1174 | D:2      | Reached XP level 4. HP: 26/29 MP: 4/4
  1357 | D:2      | Found a faded altar of an unknown god.
  1638 | D:2      | Found a blossoming altar of Fedhas.
  1667 | D:2      | Noticed Terence
  1675 | D:2      | Killed Terence
  1676 | D:2      | Reached skill level 3 in Axes
  2077 | D:3      | Reached XP level 5. HP: 33/33 MP: 5/5
  2139 | D:3      | Noticed Grinder
  2354 | D:3      | Paralysed by Grinder for 6 turns
  2364 | D:3      | Paralysed by Grinder for 6 turns
  2372 | D:3      | Paralysed by Grinder for 5 turns
  2384 | D:3      | Killed Grinder
  2385 | D:3      | Reached skill level 4 in Axes
  2385 | D:3      | Reached XP level 6. HP: 13/39 MP: 6/6
  2619 | D:3      | Reached skill level 10 in Axes
  2619 | D:3      | Reached XP level 7. HP: 44/44 MP: 7/7
  2865 | D:3      | Found Weriffum's Armour Shop.
  3350 | D:4      | Found an ornate altar of the Wu Jian Council.
  3374 | D:4      | Reached XP level 8. HP: 36/48 MP: 8/8
  3706 | D:4      | Found a sacrificial altar of Ru.
  3920 | D:5      | Entered Level 5 of the Dungeon
  4398 | D:5      | Found a shadowy altar of Dithmenos.
  4534 | D:5      | Identified the +5 flail of Fedhas's Delight {venom, rF- rC+
                  | Will+ Dex+2}
  4757 | D:6      | Found an ancient bone altar of Kikubaaqudgha.
  5008 | D:6      | Reached skill level 5 in Fighting
  5241 | D:6      | Found a hazy altar of Hepliaklqana.
  5273 | D:6      | Reached skill level 5 in Armour
  5313 | D:6      | Noticed Menkaure
  5337 | D:5      | Killed Menkaure
  5693 | D:6      | Reached XP level 9. HP: 51/54 MP: 9/9
  6807 | D:7      | Found a staircase to the Ecumenical Temple.
  6853 | Temple   | Entered the Ecumenical Temple
  6895 | Temple   | Became a worshipper of Trog the Wrathful
  7155 | D:7      | Found a basalt altar of Yredelemnul.
  7249 | D:7      | HP: 2/54 [wyvern (13)]
  7251 | D:7      | Slain by a wyvern

Illustrated notes

Levels and vault maps discovered:
D:1:      psy_arrival_wood_between_worlds, layout_basic, minmay_lizard_king
D:2:      layout_loops_ring, basic_altar, dreamdust_ecumenical_altar_statues,
          minmay_distorted, uniq_terence, uniq_robin
D:3:      layout_loops_cross, serial_shops, shop, uniq_grinder
D:4:      layout_cave_pools, kennysheep_mini, nzn_wu_jian_contemplation,
          serial_bayou_lake_a
D:5:      layout_cave_pools, mainiacjoe_overflow_cross_hatched
D:6:      layout_layer_cave, mainiacjoe_overflow_surrounded_room,
          lemuel_round_altar, kennysheep_nondescript, minmay_misc_feat_doors,
          supply_closet_lemuel, uniq_menkaure
D:7:      layout_loops_cross, kennysheep_little_box, fedhas_altar_4,
          minmay_temple_entry_arrows, serial_bayou_crossing
Temple:   jpeg_temple_island

Skill      XL: |  1  2  3  4  5  6  7  8 |
---------------+-------------------------+-----
Axes           | 2 3 4 10 | 10.8
Fighting       | 4 5 |  5.4
Armour         | 4 5 |  5.4
Shields        | 4 9 |  9.7

Action                   |  1- 3 |  4- 6 |  7- 9 || total
-------------------------+-------+-------+-------++-------
Melee: War axe           |   109 |   102 |   235 ||   446
  Use: Scroll            |       |     5 |     7 ||    12
       Potion            |       |     2 |     1 ||     3
Armor: Scale mail        |    58 |    64 |    41 ||   163
       Gold dragon scale |       |       |   106 ||   106
Dodge: Dodged            |    47 |    49 |    68 ||   164
Block: Buckler           |    18 |    25 |    60 ||   103
